 Dungeon Crawl Stone Soup version 0.18-a0-5-gf1fb587 (webtiles) character file.

5022 valsik64 the Cleaver (level 10, -12/84 HPs)
             Began as a Naga Gladiator on Nov 1, 2015.
             Was a Follower of Elyvilon.
             Killed from afar by a gargoyle (23 damage)
             ... with a stone arrow
             ... on level 9 of the Dungeon.
             The game lasted 00:41:32 (8833 turns).

valsik64 the Cleaver (Naga Gladiator)               Turns: 8833, Time: 00:41:32

Health: -12/84     AC: 15    Str: 21    XL:     10   Next: 55%
Magic:  7/10       EV:  4    Int:  8    God:    Elyvilon [*.....]
Gold:   430        SH:  0    Dex: 17    Spells: 0 memorised, 9 levels left

rFire  . . .     SeeInvis +     a - +2 war axe (freeze)
rCold  + . .     Clarity  .     C - +3 plate armour
rNeg   . . .     SustAt   .     (no shield)
rPois  +         Gourm    +     u - +2 helmet
rElec  .         Spirit   .     Q - +0 cloak
rCorr  .         Warding  .     (no gloves)
rMut   .         Stasis   .     (no barding)
MR     +....                    H - amulet of the gourmand
Stlth  ..........               w - ring of protection from cold
                                y - +5 ring of dexterity

@: very slow, somewhat resistant to hostile enchantments, extremely unstealthy
A: see invisible, deformed body, poison resistance, slowness 2, slow metabolism
1, spit poison 2, AC +3
a: Spit Poison, Lesser Healing, Divine Protection, Renounce Religion


You were on level 9 of the Dungeon.
You worshipped Elyvilon.
Elyvilon was aware of your devotion.
You were very full.

You visited 2 branches of the dungeon, and saw 10 of its levels.

You collected 456 gold pieces.
You spent 26 gold pieces at shops.

Inventory:

Hand Weapons
 a - a +2 war axe of freezing (weapon)
 E - a +0 shortbow
Missiles
 d - 3 throwing nets
 g - 371 stones (quivered)
 h - 151 arrows
 j - 7 exploding tomahawks
 x - 28 tomahawks
 A - 12 arrows of frost
Armour
 u - a +2 helmet (worn)
 C - a +3 plate armour (worn)
 P - a troll hide
 Q - a +0 cloak (worn)
Jewellery
 r - an uncursed ring of magical power
 w - a ring of protection from cold (right hand)
 y - a +5 ring of dexterity (left hand)
 H - an amulet of the gourmand (around neck)
 L - an uncursed amulet of rage
Wands
 b - a wand of frost (20)
 B - a wand of fireball (10)
Scrolls
 f - a scroll of blinking
 l - a scroll of immolation {unknown}
 q - 5 scrolls of remove curse
 z - 2 scrolls of identify
 D - 2 scrolls of teleportation
 G - 3 scrolls of enchant weapon {unknown}
 K - a scroll of amnesia {unknown}
 M - a scroll of recharging
 O - a scroll of magic mapping
Potions
 n - a potion of lignification
 o - 5 potions of curing
 p - 2 potions of agility
 F - a potion of magic
 I - a potion of degeneration {unknown}
 J - a potion of cure mutation {unknown}
 N - a potion of flight {unknown}
Books
 t - a book of the Warp

   Spells                             Type                      Level
   a - Recall                         Summoning/Translocation      3
   b - Gell's Gravitas                Hexes/Translocation          3
   c - Force Lance                    Conjuration/Translocation    4
   d - Phase Shift                    Translocation                5
   e - Warp Weapon                    Charms/Translocation         5
   f - Summon Forest                  Summoning/Translocation      5
Comestibles
 c - 6 fruits
 e - 6 bread rations
 i - a slice of pizza
 k - 4 meat rations
 m - 2 royal jellies
 s - a beef jerky


   Skills:
 - Level 3.0 Fighting
 + Level 14.6 Axes
 - Level 1.7 Throwing
 - Level 2.4 Dodging


You had 9 spell levels left.
You didn't know any spells.

Dungeon Overview and Level Annotations

Branches:
Dungeon (9/15)             Temple (1/1) D:6
   Lair: D:8-11         Orc: D:9-12

Altars:
Ashenzari
Cheibriados
Dithmenos
Elyvilon
Fedhas
Gozag
Kikubaaqudgha
Makhleb
Nemelex Xobeh
Okawaru
Qazlal
Ru
Sif Muna
Trog
Vehumet
Xom
Yredelemnul
Zin
The Shining One

Shops:
D:5 *   D:6 (


Innate Abilities, Weirdness & Mutations

You cannot wear boots.
Your serpentine skin is tough (AC +3).
You have supernaturally acute eyesight.
Armour fits poorly on your strangely shaped body.
Your system is resistant to poisons.
You cover ground very slowly.
You have a slow metabolism.
You can spit poison.


Message History

You barely miss the gargoyle.
The gargoyle is severely damaged.
You hit the gargoyle but do no damage.
The gargoyle is severely damaged.
The gargoyle hits you with a mace.
You hit the gargoyle but do no damage.
The gargoyle is severely damaged.
The gargoyle hits you with a mace.
You hit the gargoyle but do no damage.
The gargoyle is severely damaged.
You hit the gargoyle but do no damage.
The gargoyle is severely damaged.
The gargoyle hurls a stone arrow at you.
The stone arrow hits you!
* * * LOW HITPOINT WARNING * * *
You hit the gargoyle but do no damage.
The gargoyle is severely damaged.
The gargoyle hurls a stone arrow at you.
The stone arrow hits you!
You die...

# ## #. .# #. ##.##
###.##...#####
###......#......
#............####
###
#.)...#........>.
..#
..$...9@.....###
#.# #..(((#.##...#
#.# #.... #.##..†#
#.# #...
..##...######.##
#..
......../.......#
#.
..###...######..##.
# ##> #...#
##....... #.
#...###.###.###
#.......# #.###


You could see a gargoyle.

Vanquished Creatures
  The ghost of porpoise the Sneak, a novice OpBe of Trog (D:6)
  2 trolls
  2 water moccasins
  Duvessa (D:7)
  The ghost of UMOarsman the Covert, an amateur SpEn (D:3)
  A sky beast (D:7)
  A wasp (D:9)
  3 ice beasts
  3 phantoms
  A black bear (D:7)
  An eye of draining (D:9)
  A necrophage (D:5)
  2 centaurs
  An orc warrior (D:7)
  2 big kobolds
  6 giant frogs
  Dowan (D:7)
  5 scorpions
  3 killer bees (D:8)
  2 hounds
  6 crimson imps
  2 jellies
  A centaur skeleton (D:4)
  4 iguanas
  8 orc wizards
  6 orc priests
  Jessica (D:2)
  A killer bee zombie (D:8)
  3 worker ants
  A hound skeleton (D:6)
  Robin (D:2)
  12 adders
  An adder zombie (D:6)
  2 worms
  3 adder skeletons
  4 giant geckos
  25 orcs
  2 ball pythons
  6 bats
  3 giant cockroaches
  18 hobgoblins
  6 quokkas
  A giant cockroach zombie (D:5)
  2 giant gecko skeletons
  A giant gecko zombie (D:5)
  10 giant newts
  11 goblins
  12 jackals
  A jackal skeleton (D:5)
  17 kobolds
  A quokka skeleton (D:5)
  A quokka zombie (D:5)
  7 rats
220 creatures vanquished.

Vanquished Creatures (others)
  The ghost of PajamaLlama the Thaumaturge, a journeyman DrFE of Sif Muna (D:9)
1 creature vanquished.

Grand Total: 221 creatures vanquished

Notes
Turn   | Place    | Note
--------------------------------------------------------------
     0 | D:1      | valsik64 the Naga Gladiator began the quest for the Orb.
     0 | D:1      | Reached XP level 1. HP: 19/19 MP: 1/1
   333 | D:1      | Reached XP level 2. HP: 24/26 MP: 2/2
   832 | D:2      | Reached XP level 3. HP: 24/33 MP: 3/3
  1001 | D:2      | Noticed Robin
  1013 | D:2      | Killed Robin
  1014 | D:2      | Reached skill level 4 in Axes
  1061 | D:2      | Reached XP level 4. HP: 21/42 MP: 4/4
  1318 | D:2      | Noticed Jessica
  1339 | D:2      | Killed Jessica
  1932 | D:2      | Found a blossoming altar of Fedhas.
  2139 | D:3      | Reached skill level 5 in Axes
  2139 | D:3      | Reached XP level 5. HP: 49/49 MP: 5/5
  2575 | D:3      | Noticed UMOarsman's ghost (amateur SpEn)
  2650 | D:4      | Reached skill level 6 in Axes
  2650 | D:4      | Reached XP level 6. HP: 34/56 MP: 6/6
  3063 | D:3      | Killed UMOarsman's ghost
  3063 | D:3      | Reached skill level 7 in Axes
  3162 | D:3      | Reached XP level 7. HP: 57/62 MP: 7/7
  3302 | D:3      | Found a sparkling altar of Nemelex Xobeh.
  3302 | D:3      | Found a burning altar of Makhleb.
  3747 | D:5      | Entered Level 5 of the Dungeon
  3811 | D:5      | Found Mutuer Zaci's Assorted Antiques.
  3843 | D:5      | Bought a scroll labeled WANERAM UZIXE for 26 gold pieces
  3860 | D:5      | Reached skill level 8 in Axes
  4679 | D:6      | Found a shattered altar of Ashenzari.
  4781 | D:6      | Reached skill level 9 in Axes
  4781 | D:6      | Reached XP level 8. HP: 67/69 MP: 8/8
  4832 | D:6      | Noticed porpoise's ghost (novice OpBe)
  4844 | D:6      | Killed porpoise's ghost
  5024 | D:6      | Reached skill level 10 in Axes
  5455 | D:6      | Found Uckyex's Antique Weapon Emporium.
  5460 | D:6      | Reached skill level 11 in Axes
  5484 | D:6      | Found a staircase to the Ecumenical Temple.
  5492 | Temple   | Entered the Ecumenical Temple
  5764 | Temple   | Became a worshipper of Elyvilon the Healer
  5820 | D:6      | Reached XP level 9. HP: 63/75 MP: 9/9
  6168 | D:7      | Reached skill level 12 in Axes
  6478 | D:7      | Noticed Duvessa
  6492 | D:7      | Killed Duvessa
  6500 | D:7      | Noticed Dowan
  6508 | D:7      | Killed Dowan
  6920 | D:8      | Reached skill level 13 in Axes
  7257 | D:8      | Got a dazzling long sword
  7263 | D:8      | Identified the +4 long sword "Perisaz" {venom, rN+ MR- Int+3 Dex+3} (You found it on level 8 of the Dungeon)
  7272 | D:8      | Found an ancient bone altar of Kikubaaqudgha.
  7314 | D:8      | Reached XP level 10. HP: 60/84 MP: 10/10
  7970 | D:9      | Noticed PajamaLlama's ghost (journeyman DrFE)
  7985 | D:9      | HP: 5/126 [PajamaLlama's ghost/flame tongue (18)]
  7991 | D:9      | HP: 5/126 [PajamaLlama's ghost/flame tongue (1)]
  7992 | D:9      | Elyvilon protects you from harm!
  7992 | D:9      | Killed PajamaLlama's ghost
  7992 | D:9      | Reached skill level 14 in Axes
  8522 | D:9      | Reached * piety under Elyvilon
  8710 | D:9      | Found a bloodstained altar of Trog.
  8833 | D:9      | Killed from afar by a gargoyle

Vault maps used:
D:1:      dpeg_arrival_morbid_curiosity, minmay_misc_feat_four_crosses
D:2:      lemuel_round_altar, uniq_jessica, uniq_robin
D:3:      gammafunk_temple_overflow_wave, first_bread
D:5:      serial_shops, shop_statue
D:6:      cheibrodos_ashenzari_chains, minmay_temple_entry_glassed_door,
          serial_shops, nicolae_shop_overgrown_old_shop
D:7:      kennysheep_nondescript, uniq_duvessa
D:8:      kennysheep_mini
D:9:      old_standard_altar
Temple:   nicolae_temple_figure_eight

Action                   |  1- 3 |  4- 6 |  7- 9 | 10-12 || total
-------------------------+-------+-------+-------+-------++-------
Melee: War axe           |    80 |   168 |   273 |   178 ||   699
Throw: Stone             |     5 |    30 |    30 |    16 ||    81
 Abil: Spit Poison       |    11 |    23 |    26 |    18 ||    78
  Use: Scroll            |       |     5 |    15 |       ||    20
       Potion            |       |       |     3 |     2 ||     5
  Eat: Chunk             |     1 |     6 |    27 |     6 ||    40
       Beef jerky        |       |       |     1 |       ||     1
